 Dungeon Crawl Stone Soup version 0.30-b1-2-g02819fbbbe (webtiles) character file.

Game seed: 9619637943132623490

5207 raph the Grappler (level 10, 0/147 HPs)
             Began as a Troll Berserker on Nov 22, 2023.
             Was a Priest of Trog.
             Slain by a two-headed ogre
             ... wielding a +0 giant club
              (7 damage)
             ... on level 8 of the Dungeon.
             The game lasted 00:11:53 (7224 turns).

raph the Grappler (Troll Berserker)                 Turns: 7224, Time: 00:11:54

Health: 0/147      AC: 10    Str: 27    XL:     10   Next: 35%
Magic:  9/9        EV: 17    Int:  3    God:    Trog [***...]
Gold:   67         SH:  0    Dex: 13    Spells: 9/9 levels left

rFire   + .          .
                       - Unarmed
rCold   + . .        (no shield)
rNeg    . . .        h - +2 robe {rC+ rF+}
rPois   .            w - +2 hat
rElec   .            l - +1 cloak
rCorr   .            (gloves unavailable)
SInv    +            (boots unavailable)
Will    ++...        (no amulet) Stlth
                     f - ring of see invisible
HPRegen 2.24/turn    i - +5 ring of evasion
MPRegen 0.11/turn

%: no passive effects
@: berserking, weakened, strong-willed, regenerating, very quick
A: large, unfitting armour, claws 3, regeneration 1, shaggy fur 1, tough skin 1
a: Renounce Religion, Berserk, Trog's Hand


You were on level 8 of the Dungeon.
You worshipped Trog.
Trog was most pleased with you.
You visited 1 branch of the dungeon, and saw 8 of its levels.

You collected 281 gold pieces.
You spent 214 gold pieces at shops.

Inventory:

Hand Weapons
 s - a +1 giant club of venom
Missiles
 c - 2 datura-tipped darts
 n - 63 stones
 o - 3 throwing nets
 r - 30 poisoned darts
 u - a javelin (quivered)
 x - 3 atropa-tipped darts
Armour
 h - a +2 robe of resistance (worn)
 l - a +1 cloak (worn)
 w - a +2 hat (worn)
Jewellery
 d - a ring of resist corrosion
 f - a ring of see invisible (left claw)
 i - a +5 ring of evasion (right claw)
Wands
 a - a wand of roots (9)
 k - a wand of quicksilver (15)
 q - a wand of flame (9)
Scrolls
 g - 2 scrolls of magic mapping
 v - 3 scrolls of teleportation
 y - a scroll of identify
Potions
 b - a potion of mutation
 e - 6 potions of curing
 j - 2 potions of flight
 m - a potion of cancellation
 p - a potion of heal wounds
 t - a potion of lignification


   Skills:
 + Level 6.0 Fighting
 + Level 5.0 Throwing
 + Level 6.0 Dodging
 * Level 9.9 Unarmed Combat
 + Level 4.0 Evocations


You had 9 spell levels left.
You didn't know any spells.
Your spell library was empty.

Dungeon Overview and Level Annotations

Branches:
Dungeon (8/15)             Temple (0/1) D:6
   Lair: D:8-11

Altars:
Ashenzari
Cheibriados
Fedhas
Gozag
Hepliaklqana
Qazlal

Shops:
D:4 (   D:5 !   D:7 **:   D:8 (

Annotations:
D:8 Grum


Innate Abilities, Weirdness & Mutations

You are too large for most types of armour.
You have claws for hands.
Your natural rate of healing is unusually fast.
You are covered in fur. (AC +1)
You have tough skin. (AC +1)


Message History

You completely miss the two-headed ogre.
The two-headed ogre hits you with a +0 giant club!!
The two-headed ogre misses you.
The two-headed ogre barely misses you. x2
You mangle the two-headed ogre!! You claw the two-headed ogre!!
The two-headed ogre is almost dead.
The grasping roots constrict you! The orc warrior barely misses you.
The grasping roots release their grip on you.
You mangle the two-headed ogre!!
You kill the two-headed ogre!
Trog accepts your kill.
Your Fighting skill increases to level 6!
Your Throwing skill increases to level 5!
Your Dodging skill increases to level 6!
Your Evocations skill increases to level 4!
You barely miss the two-headed ogre.
The two-headed ogre hits you with a +0 giant club!
* * * LOW HITPOINT WARNING * * *
The two-headed ogre hits you with a +0 giant club!
* * * LOW HITPOINT WARNING * * *
The orc warrior hits you from afar with a +0 halberd!
* * * LOW HITPOINT WARNING * * *
You mangle the two-headed ogre!!
The two-headed ogre is heavily wounded.
You hear an angry hiss. x2
You barely miss the two-headed ogre. You claw the two-headed ogre!
The two-headed ogre is almost dead.
The deep elf pyromancer gestures wildly while chanting.
The deep elf pyromancer blinks!
The orc warrior hits you from afar with a +0 halberd!
* * * LOW HITPOINT WARNING * * *
A wyvern comes into view.
You scratch the two-headed ogre.
The two-headed ogre is almost dead.
Grum the Hunter comes into view.
He is wielding a +0 spear and carrying a wand of quicksilver (5).
The gnoll bouda gazes fiercely through you!
You feel your attacks grow feeble.
The two-headed ogre hits you with a +0 giant club.
* * * LOW HITPOINT WARNING * * *
The two-headed ogre hits you with a +0 giant club!
You die...

#(.# ## #Fe# ..#
...####(O######~..
#~~≈~~~~~~~~~~~####
....#.#............
## #.#e))#.#####. #
#..)#.# #.#.lo#)#
#....gO@# ###..§###
##g## .... #####


You could see a two-headed ogre, a deep elf pyromancer, Grum, an orc warrior, a
wyvern and a gnoll bouda.

Vanquished Creatures
  A two-headed ogre (D:8)
  A deep elf zephyrmancer (D:6)
  Grinder (D:6)
  Sigmund (D:2)
  A spriggan (D:7)
  A wyvern (D:8)
  A yak (D:8)
  Eustachio (D:6)
  Menkaure (D:4)
  A water moccasin (D:6)
  Edmund (D:5)
  3 black bears
  An orc warrior (D:7)
  A sky beast (D:6)
  A wolf (D:7)
  An ogre (D:4)
  2 centaurs
  A phantom (D:4)
  3 kobold brigands
  A gnoll sergeant (D:8)
  5 bullfrogs
  12 wights
  A howler monkey (D:5)
  A jelly (D:7)
  2 hounds
  Crazy Yiuf (D:2)
  7 orc priests
  Natasha (twice) (D:3)
  4 orc wizards
  9 adders
  12 gnolls
  3 shadow imps
  A white imp (D:7)
  2 worms
  3 dart slugs
  25 orcs
  7 ball pythons
  7 endoplasms
  2 giant cockroaches
  9 hobgoblins
  8 jackals (D:1)
  2 quokkas (D:1)
  7 bats
  4 frilled lizards
  6 goblins
  25 kobolds
  2 rats
194 creatures vanquished.

Notes
Turn   | Place    | Note
-------+----------+-------------------------------------------
     0 | D:1      | raph the Troll Berserker began the quest for the Orb.
     0 | D:1      | Reached XP level 1. HP: 22/22 MP: 0/0
   120 | D:1      | Reached XP level 2. HP: 26/29 MP: 1/1
   593 | D:1      | Reached ** piety under Trog
   594 | D:1      | Reached XP level 3. HP: 33/36 MP: 2/2
   912 | D:2      | Found a runed translucent door.
   913 | D:2      | Noticed Crazy Yiuf
   921 | D:2      | Killed Crazy Yiuf
   922 | D:2      | Reached skill level 4 in Unarmed Combat
   922 | D:2      | Reached XP level 4. HP: 9/44 MP: 3/3
  1011 | D:2      | Found a faded altar of an unknown god.
  1412 | D:2      | Noticed Sigmund
  1418 | D:2      | Killed Sigmund
  1419 | D:2      | Reached skill level 5 in Unarmed Combat
  1419 | D:2      | Reached XP level 5. HP: 53/53 MP: 4/4
  1707 | D:2      | Reached XP level 6. HP: 61/61 MP: 5/5
  2063 | D:3      | Found an opulent altar of Gozag.
  2606 | D:3      | Found a snail-covered altar of Cheibriados.
  2713 | D:3      | Noticed Natasha
  2714 | D:3      | Killed Natasha
  2841 | D:3      | Noticed Natasha
  2844 | D:3      | Killed Natasha
  3133 | D:4      | Reached *** piety under Trog
  3415 | D:4      | Reached XP level 7. HP: 68/68 MP: 6/6
  3600 | D:4      | Reached skill level 1 in Throwing
  3600 | D:4      | Reached skill level 6 in Unarmed Combat
  3646 | D:4      | Found Satenuyth's Weapon Shop.
  3651 | D:4      | Reached skill level 1 in Evocations
  3739 | D:4      | Noticed Menkaure
  3745 | D:4      | Killed Menkaure
  4087 | D:5      | Entered Level 5 of the Dungeon
  4151 | D:5      | Reached XP level 8. HP: 75/78 MP: 7/7
  4252 | D:5      | Noticed Edmund
  4260 | D:5      | Killed Edmund
  4261 | D:5      | Reached skill level 7 in Unarmed Combat
  4354 | D:5      | Found a stormy altar of Qazlal.
  4513 | D:5      | Found Runalow's Distillery.
  4523 | D:5      | Bought a potion of heal wounds for 75 gold pieces
  4523 | D:5      | Bought a potion of lignification for 45 gold pieces
  5152 | D:6      | Noticed Eustachio
  5159 | D:6      | Killed Eustachio
  5281 | D:6      | Reached skill level 8 in Unarmed Combat
  5294 | D:6      | Reached XP level 9. HP: 86/87 MP: 8/8
  5430 | D:6      | Noticed a deep elf zephyrmancer
  5444 | D:6      | Killed a deep elf zephyrmancer
  5445 | D:6      | Reached skill level 5 in Fighting
  5445 | D:6      | Reached skill level 5 in Dodging
  5652 | D:6      | Found a staircase to the Ecumenical Temple.
  5806 | D:6      | Noticed Grinder
  5814 | D:6      | Killed Grinder
  5818 | D:6      | Reached **** piety under Trog
  6453 | D:7      | Found Uptaeklu's Assorted Antiques.
  6457 | D:7      | Bought a murky clear potion for 28 gold pieces
  6465 | D:7      | Found Voyn Fuu's Book Shop.
  6492 | D:7      | Found a blossoming altar of Fedhas.
  6496 | D:7      | Found a hazy altar of Hepliaklqana.
  6614 | D:7      | Reached skill level 9 in Unarmed Combat
  6783 | D:7      | Found a broken altar of Ashenzari.
  6993 | D:7      | Found Gonaoto's General Store.
  6996 | D:7      | Bought 2 scrolls of teleportation for 66 gold pieces
  7049 | D:8      | Found Cuxets's Weapon Emporium.
  7063 | D:8      | Reached XP level 10. HP: 97/98 MP: 9/9
  7161 | D:8      | Noticed a two-headed ogre
  7162 | D:8      | Noticed a deep elf pyromancer
  7162 | D:8      | Noticed a two-headed ogre
  7220 | D:8      | Killed a two-headed ogre
  7221 | D:8      | Reached skill level 5 in Throwing
  7224 | D:8      | Noticed Grum
  7224 | D:8      | HP: 7/147 [two-headed ogre/+0 giant club (5)]
  7224 | D:8      | Slain by a two-headed ogre

Illustrated notes

Levels and vault maps discovered:
D:1:      lightli_arrival_statuegarden, layout_basic
D:2:      layout_basic, ebering_ecumenical_altar_webs, uniq_sigmund,
          uniq_crazy_yiuf_cottage
D:3:      layout_loops_corners, mainiacjoe_overflow_24_doors,
          nicolae_gozag_seed_capital, uniq_natasha
D:4:      layout_basic, serial_shops, nicolae_shop_bloodbath_and_beyond,
          uniq_menkaure
D:5:      layout_loops_ring, lemuel_crystal_altar, serial_shops,
          nicolae_lakefront_shop, uniq_edmund
D:6:      layout_rooms, temple_green, grunt_decor_cap,
          guppyfry_early_elven_hall, uniq_eustachio, uniq_grinder
D:7:      layout_basic, lemuel_tele_altar, grunt_temple_overflow_open,
          serial_shops, kennysheep_mini, nicolae_shop_stone,
          nicolae_shop_tiny_glass, the_hattery
D:8:      cheibrodos_ideogram_h, layout_loops_cross, dk_yredelemnul_ordeal,
          serial_shops, nicolae_shop_waterfront, nicolae_shop_rolling_square,
          nicolae_shop_rolling_square, shop, columned_hall_lemuel, uniq_grum

Skill      XL: |  1  2  3  4  5  6  7  8  9 10 |
---------------+-------------------------------+-----
Unarmed Combat | 4 5 6 8 9 |  9.9
Dodging        | 3 4 5 6 |  6.0
Fighting       | 3 4 5 6 |  6.0
Throwing       | 2 3 4 5 |  5.0
Evocations     | 1 2 3 4 |  4.0

Action                     |  1- 3 |  4- 6 |  7- 9 | 10-12 || total
---------------------------+-------+-------+-------+-------++-------
  Melee: Unarmed           |    66 |   126 |   247 |    40 ||   479
         Punch             |     1 |     3 |     8 |     4 ||    16
  Throw: Javelin           |       |       |    12 |       ||    12
         Dart              |       |       |     2 |       ||     2
 Invoke: Berserk           |     2 |     5 |    11 |     1 ||    19
         Trog's Hand       |       |       |     1 |     3 ||     4
    Use: Scroll            |       |     9 |     9 |       ||    18
         Potion            |       |       |     4 |       ||     4
   Stab: Sleeping          |     1 |     1 |       |       ||     2
         Distracted        |       |       |     1 |       ||     1
 Armour: Animal skin       |    14 |     6 |       |       ||    20
         Robe              |       |    24 |    64 |    15 ||   103
  Dodge: Dodged            |    31 |    98 |   224 |    46 ||   399
